montu, chaotic male human Wizard ----------- ----- ...<.%....| |...| |.........| |...+## #|.........| |...| # #|.........| --.-- ######..........| ###### #--------.-- # S### #@ ## # montu the Wizard Experience level: 7 Strength: 25 Dexterity: 12 Constitution: 14 Intelligence: 18 Wisdom: 19 Charisma: 8 Health: 0(45) Energy: 114(114) Def: 3 Gold: 1737 Moves: 5778 Dungeon seed [set]: Game ID: montu_1703620947 Your Inventory: Coins $ - 1737 gold pieces Amulets S - a cursed amulet of ESP T - a cursed amulet versus poison Weapons a - a blessed +1 quarterstaff (weapon in hands) Armor e - an uncursed +0 cloak of magic resistance (being worn) n - an uncursed +0 pair of gauntlets of power (being worn) z - an uncursed +0 pair of low boots (being worn) C - a cursed -1 mummy wrapping Comestibles i - an uncursed sprig of wolfsbane v - 2 uncursed eucalyptus leaves x - an uncursed pancake V - an uncursed clove of garlic Scrolls j - an uncursed scroll of create monster D - an uncursed scroll of confuse monster E - an uncursed scroll of punishment I - a cursed scroll of enchant armor Q - an uncursed scroll of water W - an uncursed scroll of light X - a blessed scroll of light Potions A - an uncursed potion of water F - a cursed potion of monster detection K - a blessed potion of speed O - a cursed potion of extra healing U - an uncursed potion of enlightenment Rings m - an uncursed ring of see invisible J - a cursed +2 ring of adornment P - a cursed ring of hunger Wands d - an uncursed wand of nothing (0:5) G - a cursed wand of speed monster (0:1) H - a cursed wand of nothing (0:5) M - a cursed wand of enlightenment (0:11) Tools b - an uncursed sack g - an uncursed tooled horn p - a cursed magic whistle w - an uncursed magic whistle B - an uncursed wooden harp R - an uncursed magic flute (0:4) Contents of the sack: a cursed spellbook of create monster an uncursed spellbook of detect monsters a cursed spellbook of detect monsters a blessed spellbook of force bolt an uncursed garnet 2 uncursed opals a cursed touchstone an uncursed worthless piece of black glass a cursed worthless piece of blue glass 2 uncursed worthless pieces of green glass an uncursed worthless piece of orange glass 2 uncursed worthless pieces of white glass Spells and supernatural/magical abilities: Name Level Category Fail Memory a - force bolt 1 attack 0% 72% n - detect monsters 1 divination 0% 72% W - pray for help -- divine ? -- Your skills at the end: Miscellaneous Skills wands [Basic] stealth [Skilled] Weapon Skills quarterstaff [Basic] Spellcasting Skills attack spells [Skilled] enchantment spells [Basic] Final Attributes: You were devoutly aligned. You were magic-protected. Your writing hand was cramped from overuse. You were telepathic. You were stealthy. You were lucky. You are dead. Vanquished creatures: a tengu a crocodile 3 piranhas an orc mummy a dwarf mummy a dust vortex a raven a pit viper a wood nymph 8 Mordor orcs a rock piercer a pony a gnome lord a gnomish wizard a kobold mummy a gray ooze 2 ghouls 2 straw golems 3 floating eyes a homunculus an iguana 2 rothes a centipede 2 jitterbugs 4 killer bees a hobbit 5 acid blobs 4 geckos 2 hobgoblins 4 giant rats a brown mold a green mold 3 gnomes 2 manes 3 jackals 2 kobolds 4 newts 4 goblins 5 grid bugs 6 lichens a kobold zombie 91 creatures vanquished. Voluntary challenges: You did not adorn yourself with jewelry or accessories. You did not cause conflict. You did not have reflection. You were not displaced. You did not donate to any temples.. You used a wielded weapon 87 times, starting on turn 3. You did not apply a unicorn horn. You did not use plumbed fixtures. You read items or engraved 5 times, starting on turn 1253. You never genocided any monsters. You never polymorphed an object. You never changed form. You used no wishes. You did not use any artifacts. You never split a pudding. You wrote Elbereth's name 3 times, starting on turn 5448. You violated your moral code, losing 1 point of alignment, starting on turn 5330. Dungeon overview: The Dungeons of Doom: levels 1 to 9 Level 1 an altar to Ptah, some fountains a long staircase Level 2 a long staircase Level 3 a scroll shop, a fountain Level 4 a potion shop, a fountain Level 5 a vault, a weapon shop Level 6 a potion shop, a fountain Level 7 a bench Level 8 a fountain Level 9 <- You were here History has recorded: On T:1 you entered the Dungeons of Doom to retrieve the Amulet of Yendor! On T:398 you reached level 2 of The Dungeons of Doom. On T:405 you advanced to experience level 2. On T:750 you reached level 3 of The Dungeons of Doom. On T:792 you advanced to experience level 3. On T:1319 you reached level 4 of The Dungeons of Doom. On T:1323 you advanced to experience level 4. On T:1814 you reached level 5 of The Dungeons of Doom. On T:2277 you advanced to experience level 5. On T:2365 you reached level 6 of The Dungeons of Doom. On T:3313 you advanced to experience level 6. On T:4125 you reached level 7 of The Dungeons of Doom. On T:5228 you advanced to experience level 7. On T:5266 you reached level 8 of The Dungeons of Doom. On T:5714 you reached level 9 of The Dungeons of Doom. Score breakdown: Gold: 1737 ( 173 points) Experience: 7 levels ( 600 points) Exploration: 9 levels ( 240 points) Discoveries: 38 items ( 1900 points) Variety of kills: 41 monsters ( 2000 points) Major goal: (nothing yet) ( 0 points) Survival: died (score multiplied by 3) Total score: 14739 Latest messages: W - a scroll of light. The spell hits the tengu! You kill the tengu! X - a scroll of light. A straw golem blocks your way. The spell hits the straw golem! The straw golem claws you! (2x) The spell hits the straw golem! You destroy the straw golem! You stop exploring. You hit the pit viper! The pit viper bites! (2x) You hit the pit viper! The pit viper bites! (2x) You kill the pit viper! The pit viper bites! (6x) You hit the pit viper! The pit viper bites! (2x) You die... Final status: Goodbye montu the Wizard, killed by a pit viper... You died in The Dungeons of Doom on dungeon level 9 with 14739 points, and 1737 pieces of gold, after 5778 moves. You were level 7 with a maximum of 45 hit points when you died.